NCAA
XAVIER MUSKETEERS @ WASHINGTON HUSKIES
05/18/2030
 
TOP OF THE 1ST
Xavier Musketeers batting - Pitching for Washington Huskies : RHP César Manuel
Pitching: RHP César Manuel
Batting: RHB Dillon Farley 0-0: Called Strike
0-1: Ball
1-1: Called Strike
1-2: Ball
2-2: Strikes out swinging
Batting: RHB Aaron Keller 0-0: Ball
1-0: Ball
2-0: Ball
3-0: Base on Balls
Batting: LHB Bobby Ryan 0-0: Ball
1-0: Ball
Wild Pitch!
Aaron Keller to second
2-0: Ball
3-0: Base on Balls
Batting: SHB Orlando Lópes 0-0: Called Strike
0-1: Called Strike
0-2: Ball
1-2: Strikes out swinging
Batting: LHB Duncan Sharp 0-0: Called Strike
0-1: Foul Ball, location: 2F
0-2: Foul Ball, location: 2F
0-2: Ball
1-2: Ball
2-2: Strikes out looking
Top of the 1st over - 0 runs, 0 hits, 0 errors, 2 left on base; Xavier 0 - Washington 0
BOTTOM OF THE 1ST
Washington Huskies batting - Pitching for Xavier Musketeers : RHP Brian Robinson
Pitching: RHP Brian Robinson
Batting: RHB Jarrett Marshall 0-0: Ball
1-0: Foul Ball, location: 2F
1-1: Ball
2-1: Ball
3-1: Fly out, F7 (Flyball, 7)
Batting: RHB Shawn Shirley 0-0: Called Strike
0-1: Ball
1-1: SOLO HOME RUN (Line Drive, 8RD), Distance : 386 ft
Batting: RHB Jesús López 0-0: Ball
1-0: Ball
2-0: Ball
3-0: Called Strike
3-1: Base on Balls
Batting: LHB Jeffery Casey 0-0: Ball
1-0: Ball
2-0: Called Strike
2-1: Swinging Strike
2-2: Fly out, F8 (Flyball, 89D)
Batting: RHB Burt Scott 0-0: Foul Ball, location: 2F
0-1: Ball
1-1: Ground out 6-3 (Groundball, 6M)
Bottom of the 1st over - 1 run, 1 hit, 0 errors, 1 left on base; Xavier 0 - Washington 1
TOP OF THE 2ND
Xavier Musketeers batting - Pitching for Washington Huskies : RHP César Manuel
Batting: LHB Johnny Beach 0-0: Foul Ball, location: 2F
0-1: Ball
1-1: Called Strike
1-2: Ball
2-2: Foul Ball, location: 2F
2-2: Ball
3-2: Base on Balls
Batting: LHB Don Ellis 0-0: Ball
1-0: Ball
2-0: 2-RUN HOME RUN (Flyball, 9LD), Distance : 326 ft
Batting: RHB Greg Richards 0-0: Foul Ball, location: 2F
0-1: Swinging Strike
0-2: Strikes out looking
Batting: RHB Albert Smedley 0-0: Called Strike
0-1: Swinging Strike
0-2: Ball
1-2: Strikes out swinging
Batting: RHB Dillon Farley 0-0: Ball
1-0: Foul Ball, location: 2F
1-1: SINGLE (Groundball, 34D)
Batting: RHB Aaron Keller 0-0: Ball
1-0: Foul Ball, location: 2F
1-1: Fly out, F3 (Popup, 3S)
Top of the 2nd over - 2 runs, 2 hits, 0 errors, 1 left on base; Xavier 2 - Washington 1
BOTTOM OF THE 2ND
Washington Huskies batting - Pitching for Xavier Musketeers : RHP Brian Robinson
Batting: RHB Jesse Moody 0-0: Ball
1-0: Foul Ball, location: 2F
1-1: Called Strike
1-2: DOUBLE (Groundball, 5L)
Batting: RHB Patrick Chávez 0-0: Ball
1-0: Swinging Strike
1-1: Swinging Strike
1-2: Fly out, F8 (Flyball, 8RD)
Batting: RHB Enrique Rodríguez 0-0: Ball
1-0: Foul Ball, location: 2F
1-1: Called Strike
1-2: Ball
2-2: Fly out, F9 (Flyball, 9LS)
Batting: RHB Mike Willis 0-0: Ball
1-0: Ground out 4-3 (Groundball, 34)
Bottom of the 2nd over - 0 runs, 1 hit, 0 errors, 1 left on base; Xavier 2 - Washington 1
TOP OF THE 3RD
Xavier Musketeers batting - Pitching for Washington Huskies : RHP César Manuel
Batting: LHB Bobby Ryan 0-0: Called Strike
0-1: Called Strike
0-2: Strikes out looking
Batting: SHB Orlando Lópes 0-0: Ball
1-0: Ball
2-0: Foul Ball, location: 2F
2-1: Ball
3-1: Foul Ball, location: 2F
3-2: Foul Ball, location: 2F
3-2: Base on Balls
Batting: LHB Duncan Sharp 0-0: Ball
1-0: Ball
2-0: Fielders Choice at 2nd, 6-4 (Groundball, 6)
Batting: LHB Johnny Beach 0-0: Ball
1-0: Foul Ball, location: 2F
1-1: Ball
2-1: Ball
3-1: SINGLE (Groundball, 4MD)
Duncan Sharp to second
Runner from 2nd tries for 3rd, SAFE, no throw
Batting: LHB Don Ellis 0-0: Ball
1-0: Swinging Strike
1-1: Foul Ball, location: 2F
1-2: Ball
2-2: Strikes out swinging
Top of the 3rd over - 0 runs, 1 hit, 0 errors, 2 left on base; Xavier 2 - Washington 1
BOTTOM OF THE 3RD
Washington Huskies batting - Pitching for Xavier Musketeers : RHP Brian Robinson
Batting: RHB Jarrett Marshall 0-0: SINGLE (Groundball, 5D)
Batting: RHB Shawn Shirley 0-0: Ball
1-0: Ball
2-0: Called Strike
2-1: Foul Ball, location: 2F
2-2: Grounds into double play, 4-6-3 (Groundball, 4)
Batting: RHB Jesús López 0-0: Called Strike
0-1: Ball
1-1: Swinging Strike
1-2: Ball
2-2: Foul Ball, location: 2F
2-2: Foul Ball, location: 2F
2-2: Foul Ball, location: 2F
2-2: Foul Ball, location: 2F
2-2: Foul Ball, location: 2F
2-2: Ball
3-2: Ground out 1-3 (Groundball, P)
Bottom of the 3rd over - 0 runs, 1 hit, 0 errors, 0 left on base; Xavier 2 - Washington 1
TOP OF THE 4TH
Xavier Musketeers batting - Pitching for Washington Huskies : RHP César Manuel
Batting: RHB Greg Richards 0-0: Ball
1-0: Ball
2-0: Ball
3-0: Base on Balls
Batting: RHB Albert Smedley 0-0: Called Strike
0-1: Called Strike
0-2: Ball
1-2: Foul Ball, location: 2F
1-2: Ball
2-2: Strikes out looking
Pitching: LHP Jorge Nevárez
Batting: RHB Dillon Farley 0-0: Swinging Strike
0-1: Swinging Strike
0-2: Strikes out swinging
Batting: RHB Aaron Keller 0-0: Called Strike
0-1: Swinging Strike
0-2: Fly out, F3 (Line Drive, 4)
Top of the 4th over - 0 runs, 0 hits, 0 errors, 1 left on base; Xavier 2 - Washington 1
BOTTOM OF THE 4TH
Washington Huskies batting - Pitching for Xavier Musketeers : RHP Brian Robinson
Batting: LHB Jeffery Casey 0-0: Fly out, F8 (Flyball, 78D)
Batting: RHB Burt Scott 0-0: Ground out 6-3 (Groundball, 6)
Batting: RHB Jesse Moody 0-0: Ball
1-0: Ball
2-0: Swinging Strike
2-1: Ball
3-1: Base on Balls
Batting: RHB Patrick Chávez 0-0: Ball
1-0: Ball
2-0: Ball
3-0: Called Strike
3-1: Base on Balls
Jesse Moody to second
Batting: RHB Enrique Rodríguez 0-0: Swinging Strike
Passed Ball!
Jesse Moody to third
Patrick Chávez to second
0-1: Fly out, F4 (Line Drive, 4)
Bottom of the 4th over - 0 runs, 0 hits, 0 errors, 2 left on base; Xavier 2 - Washington 1
TOP OF THE 5TH
Xavier Musketeers batting - Pitching for Washington Huskies : LHP Jorge Nevárez
Batting: LHB Bobby Ryan 0-0: Ball
1-0: Ground out 1-3 (Groundball, 13S)
Batting: SHB Orlando Lópes 0-0: Called Strike
0-1: Foul Ball, location: 2F
0-2: Ball
1-2: Fly out, F3 (Popup, 3S)
Batting: LHB Duncan Sharp 0-0: Foul Ball, location: 2F
0-1: Ball
1-1: Foul Ball, location: 2F
1-2: Ground out 6-3 (Groundball, 6)
Top of the 5th over - 0 runs, 0 hits, 0 errors, 0 left on base; Xavier 2 - Washington 1
BOTTOM OF THE 5TH
Washington Huskies batting - Pitching for Xavier Musketeers : RHP Brian Robinson
Batting: RHB Mike Willis 0-0: Swinging Strike
0-1: Swinging Strike
0-2: Foul Ball, location: 2F
0-2: Ball
1-2: Foul Ball, location: 2F
1-2: Strikes out swinging
Batting: RHB Jarrett Marshall 0-0: Called Strike
0-1: Bunt for hit - play at first, batter safe!
Batting: RHB Shawn Shirley 0-0: Called Strike
Jarrett Marshall steals 2nd base
0-1: Ball
1-1: Called Strike
1-2: Foul Ball, location: 2F
1-2: Ball
2-2: Ground out 5-3 (Groundball, 25)
Jarrett Marshall to third
Pitching: RHP Javier Delgado
Batting: RHB Jesús López 0-0: Ball
1-0: Ball
2-0: Ball
3-0: Base on Balls
Batting: LHB Jeffery Casey 0-0: Called Strike
0-1: Called Strike
0-2: Foul Ball, location: 2F
0-2: Ball
1-2: Foul Ball, location: 2F
1-2: Ball
2-2: Ball
3-2: Fly out, F9 (Line Drive, 9LM)
Bottom of the 5th over - 0 runs, 1 hit, 0 errors, 2 left on base; Xavier 2 - Washington 1
TOP OF THE 6TH
Xavier Musketeers batting - Pitching for Washington Huskies : LHP Jorge Nevárez
Batting: LHB Johnny Beach 0-0: Called Strike
0-1: Swinging Strike
0-2: Ball
1-2: Ball
2-2: Foul Ball, location: 2F
2-2: Strikes out swinging
Batting: LHB Don Ellis 0-0: Swinging Strike
0-1: Ball
1-1: Ball
2-1: Ball
3-1: Called Strike
3-2: Strikes out swinging
Batting: RHB Greg Richards 0-0: Ball
1-0: SOLO HOME RUN (Flyball, 9LD), Distance : 317 ft
Batting: RHB Albert Smedley 0-0: Ball
1-0: Fly out, F9 (Flyball, 9LM)
Top of the 6th over - 1 run, 1 hit, 0 errors, 0 left on base; Xavier 3 - Washington 1
BOTTOM OF THE 6TH
Washington Huskies batting - Pitching for Xavier Musketeers : RHP Javier Delgado
Batting: RHB Burt Scott 0-0: Called Strike
0-1: SINGLE (Line Drive, 7S)
Batting: RHB Jesse Moody 0-0: Ball
1-0: Foul Ball, location: 2F
1-1: Called Strike
1-2: Ball
2-2: Strikes out swinging
Batting: RHB Patrick Chávez 0-0: Called Strike
0-1: Called Strike
0-2: Strikes out swinging
Batting: RHB Enrique Rodríguez 0-0: Ball
1-0: 2-RUN HOME RUN (Line Drive, 7D), Distance : 371 ft
Pitching: LHP Erik Phillips
Batting: RHB Mike Willis 0-0: Ball
1-0: Ball
2-0: Ball
3-0: Base on Balls
Batting: RHB Jarrett Marshall 0-0: Called Strike
0-1: Ball
1-1: Ball
2-1: Fly out, F3 (Popup, 3SF)
Bottom of the 6th over - 2 runs, 2 hits, 0 errors, 1 left on base; Xavier 3 - Washington 3
TOP OF THE 7TH
Xavier Musketeers batting - Pitching for Washington Huskies : LHP Jorge Nevárez
Batting: RHB Dillon Farley 0-0: Foul Ball, location: 2F
0-1: Swinging Strike
0-2: Ball
1-2: Foul Ball, location: 2F
1-2: Strikes out looking
Batting: RHB Aaron Keller 0-0: Ball
1-0: Foul Ball, location: 2F
1-1: Ball
2-1: SINGLE (Groundball, 56D)
Batting: LHB Bobby Ryan 0-0: Ball
1-0: Foul Ball, location: 2F
1-1: Fly out, F9 (Flyball, 9LM)
Batting: SHB Orlando Lópes 0-0: Foul Ball, location: 2F
0-1: Ball
1-1: DOUBLE (Flyball, 89XD)
Aaron Keller to third
Batting: LHB Duncan Sharp 0-0: Ball
1-0: Ball
Wild Pitch!
Aaron Keller scores
Orlando Lópes to third
2-0: Ball
3-0: Base on Balls
Batting: LHB Johnny Beach 0-0: Called Strike
0-1: Ball
1-1: Fly out, F8 (Line Drive, 8RD)
Top of the 7th over - 1 run, 2 hits, 0 errors, 2 left on base; Xavier 4 - Washington 3
BOTTOM OF THE 7TH
Washington Huskies batting - Pitching for Xavier Musketeers : LHP Erik Phillips
Batting: RHB Shawn Shirley 0-0: Ball
1-0: Called Strike
1-1: Fly out, F6 (Line Drive, 56D)
Batting: RHB Jesús López 0-0: Ball
1-0: Ball
2-0: Fly out, F8 (Flyball, 89M)
Batting: LHB Jeffery Casey 0-0: Ball
1-0: Called Strike
1-1: Ball
2-1: Ball
3-1: Foul Ball, location: 2F
3-2: DOUBLE (Line Drive, 89D)
Batting: RHB Burt Scott 0-0: Foul Ball, location: 2F
0-1: Ball
1-1: Ball
2-1: Ball
3-1: Foul Ball, location: 2F
3-2: Base on Balls
Batting: RHB Jesse Moody 0-0: Ball
1-0: Ball
2-0: Ball
3-0: Base on Balls
Jeffery Casey to third
Burt Scott to second
Pinch Hitting: SHB Pedro Sousa 0-0: Ball
1-0: Ball
2-0: SINGLE (Groundball, 3D)
Jeffery Casey scores
Burt Scott to third
Jesse Moody to second
Runner from 3rd tries for Home, SAFE, no throw
Pitching: LHP Marvin Walker
Batting: RHB Enrique Rodríguez 0-0: Called Strike
0-1: Ball
1-1: Foul Ball, location: 2F
1-2: SINGLE (Line Drive, 4D)
Jesse Moody to third
Pedro Sousa to second
Batting: RHB Mike Willis 0-0: Ball
1-0: Foul Ball, location: 2F
1-1: Ball
2-1: Swinging Strike
2-2: SINGLE (Line Drive, 56D)
Jesse Moody scores
Pedro Sousa to third
Enrique Rodríguez to second
Runner from 3rd tries for Home, SAFE, no throw
Batting: RHB Jarrett Marshall 0-0: Ball
1-0: Called Strike
1-1: Called Strike
1-2: Foul Ball, location: 2F
1-2: Foul Ball, location: 2F
1-2: Foul Ball, location: 2F
1-2: Strikes out swinging
Bottom of the 7th over - 4 runs, 4 hits, 0 errors, 2 left on base; Xavier 4 - Washington 7
TOP OF THE 8TH
Xavier Musketeers batting - Pitching for Washington Huskies : LHP Jorge Nevárez
Pitching: RHP Greg Gonzáles
Now at SS: Rafael Barrios
Batting: LHB Don Ellis 0-0: Ball
1-0: Swinging Strike
1-1: Called Strike
1-2: Foul Ball, location: 2F
1-2: Strikes out swinging
Batting: RHB Greg Richards 0-0: Ball
1-0: Ball
2-0: Foul Ball, location: 2F
2-1: Ball
3-1: Foul Ball, location: 2F
3-2: Strikes out swinging
Batting: RHB Albert Smedley 0-0: Ball
1-0: DOUBLE (Flyball, 78D)
Batting: RHB Dillon Farley 0-0: Called Strike
0-1: Swinging Strike
0-2: Strikes out swinging
Top of the 8th over - 0 runs, 1 hit, 0 errors, 1 left on base; Xavier 4 - Washington 7
BOTTOM OF THE 8TH
Washington Huskies batting - Pitching for Xavier Musketeers : LHP Marvin Walker
Batting: RHB Shawn Shirley 0-0: Swinging Strike
0-1: Swinging Strike
0-2: Strikes out looking
Batting: RHB Jesús López 0-0: Swinging Strike
0-1: Swinging Strike
0-2: Foul Ball, location: 2F
0-2: Strikes out looking
Batting: LHB Jeffery Casey 0-0: Ball
1-0: Ball
2-0: Ground out 5-3 (Groundball, 56D)
Bottom of the 8th over - 0 runs, 0 hits, 0 errors, 0 left on base; Xavier 4 - Washington 7
TOP OF THE 9TH
Xavier Musketeers batting - Pitching for Washington Huskies : RHP Greg Gonzáles
Pitching: LHP Steve Hickman
Batting: RHB Aaron Keller 0-0: Ball
1-0: Ball
2-0: Swinging Strike
2-1: Ball
3-1: Swinging Strike
3-2: Strikes out swinging
Batting: LHB Bobby Ryan 0-0: Called Strike
0-1: Called Strike
0-2: Ball
1-2: Ball
2-2: Strikes out swinging
Batting: SHB Orlando Lópes 0-0: Called Strike
0-1: Foul Ball, location: 2F
0-2: Fly out, F9 (Line Drive, 89D)
Top of the 9th over - 0 runs, 0 hits, 0 errors, 0 left on base; Xavier 4 - Washington 7
Saturday, April 7th, 2018 - OOTP Baseball 18.8 Build 76